 Dungeon Crawl Stone Soup version 0.23-a0-448-g1c01f63 (webtiles) character file.

317 nikopol the Magician (level 6, -7/32 HPs)
             Began as a Deep Elf Fire Elementalist on Nov 19, 2018.
             Killed from afar by an orc wizard (10 damage)
             ... with a puff of frost
             ... on level 4 of the Dungeon.
             The game lasted 00:07:16 (2846 turns).

nikopol the Magician (Deep Elf Fire Elementalist)   Turns: 2846, Time: 00:07:17

Health: -7/32      AC:  4    Str:  5    XL:     6   Next: 20%
Magic:  1/16       EV: 13    Int: 22    God:
Gold:   214        SH:  0    Dex: 15    Spells: 5/15 levels left

rFire    . . .     SeeInvis .   (no weapon)
rCold    . . .     Gourm    .   (no shield)
rNeg     . . .     Faith    .   a - +0 robe
rPois    .         Spirit   .   l - +0 helmet
rElec    .         Reflect  .   (no cloak)
rCorr    .         Harm     .   k - +0 pair of gloves
MR       .....                  (no boots)
Stlth    +++.......             (no amulet)
HPRegen  0.10/turn              o - ring of flight
MPRegen  0.15/turn              (no ring)

@: no status effects
A: no striking features
a: Evoke Flight


You were on level 4 of the Dungeon.
You were very hungry.

You visited 1 branch of the dungeon, and saw 4 of its levels.

You collected 214 gold pieces.

Inventory:

Armour
 a - a +0 robe (worn)
 k - a +0 pair of gloves (worn)
 l - a +0 helmet (worn)
Jewellery
 o - a ring of flight (left hand)
 r - an uncursed ring of magical power {unknown}
Scrolls
 d - 2 scrolls of magic mapping {unknown}
 e - 3 scrolls of identify {unknown}
 g - 3 scrolls of teleportation {unknown}
 i - a scroll of random uselessness {unknown}
 m - 2 scrolls of amnesia {unknown}
 u - a scroll of remove curse {unknown}
Potions
 b - a potion of might {unknown}
 f - a potion of degeneration {unknown}
 h - 2 potions of flight {unknown}
 j - 3 potions of curing {unknown}
 n - a potion of ambrosia {unknown}
 p - 2 potions of brilliance {unknown}
 q - a potion of lignification {unknown}
 t - a potion of mutation {unknown}
Comestibles
 c - 8 rations


   Skills:
 + Level 3.1 Dodging
 + Level 3.8 Stealth
 + Level 5.4 Spellcasting
 + Level 2.9 Conjurations
 + Level 5.0 Fire Magic


You had 5 spell levels left.
You knew the following spells:

 Your Spells              Type           Power        Failure   Level  Hunger
a - Flame Tongue          Conj/Fire      ###..        1%          1    None
b - Throw Flame           Conj/Fire      ###...       2%          2    None
c - Conjure Flame         Conj/Fire      ###.....     5%          3    ##.....
d - Sticky Flame          Conj/Fire      ###.....     19%         4    ####...

Your spell library contained the following spells:

 Spells                   Type           Power        Failure   Level  Hunger
 Inner Flame              Hex/Fire       ###.....     11%         3    ##.....
 Fireball                 Conj/Fire      ###.......   45%         5    #####..


Dungeon Overview and Level Annotations

Branches:
Dungeon (4/15)
 Temple: D:4-7

Altars:
Xom


Message History

Aiming: Flame Tongue (safe; 1% risk of failure)
Press: ? - help, Shift-Dir - straight line, f/p - orc wizard
Aim: an orc wizard, wielding a +0 dagger and wearing a +0 robe (heavily The flame tongue hits the orc wizard.
The orc wizard is severely wounded.
The orc wizard misses you.
Casting: Flame Tongue (safe; 1% risk of failure)
Confirm with . or Enter, or press ? or * to list all spells.
Aiming: Flame Tongue (safe; 1% risk of failure)
Press: ? - help, Shift-Dir - straight line, f/p - orc wizard
Aim: an orc wizard, wielding a +0 dagger and wearing a +0 robe (severely The flame tongue hits the orc wizard.
The orc wizard is severely wounded.
The orc wizard hits you with a +0 dagger.
* * * LOW HITPOINT WARNING * * *
The orc wizard looks satisfied for a moment.
Your magical contamination has completely faded away.
The orc wizard casts a spell at you. The puff of frost hits you!
You die...

#..# #.# #.(## #.#
##...## #o# #.....#
#.# ##c....# #.#
....c..# #.#
###...## #o# ###.###
#.# ....##### #@#
###.....# #.#
###.>...# #.#
........#### #.###
###........# #...#
#.....##.# #####.#
......####.###.###.#
#####......>...>##.#
######.###.###.#


You could see 2 orc wizards.

Vanquished Creatures
  2 centaurs (D:4)
  An orc wizard (D:3)
  8 adders
  An ooze (D:1)
  An adder skeleton (D:4)
  An adder zombie (D:4)
  A worm (D:2)
  A dart slug (D:1)
  2 leopard geckos
  2 orcs (D:3)
  A giant cockroach (D:1)
  4 goblins
  2 hobgoblins (D:1)
  9 jackals
  6 bats
  5 frilled lizards
  2 kobolds
  5 rats
54 creatures vanquished.

Notes
Turn   | Place    | Note
-------+----------+-------------------------------------------
     0 | D:1      | nikopol the Deep Elf Fire Elementalist began the quest for
                  | the Orb.
     0 | D:1      | Reached XP level 1. HP: 10/10 MP: 6/6
   479 | D:1      | Reached XP level 2. HP: 15/15 MP: 4/8
   950 | D:2      | Found a shimmering altar of Xom.
  1097 | D:2      | Reached XP level 3. HP: 19/19 MP: 8/10
  1560 | D:2      | Reached XP level 4. HP: 23/24 MP: 4/12
  2267 | D:4      | Noticed a sky beast
  2277 | D:3      | Learned a level 2 spell: Throw Flame
  2281 | D:3      | Learned a level 3 spell: Conjure Flame
  2286 | D:3      | Learned a level 4 spell: Sticky Flame
  2310 | D:4      | Reached XP level 5. HP: 28/28 MP: 11/13
  2345 | D:4      | Noticed a centaur
  2354 | D:4      | Noticed a centaur
  2824 | D:4      | Killed a centaur
  2824 | D:4      | Reached skill level 5 in Spellcasting
  2826 | D:4      | Killed a centaur
  2826 | D:4      | Reached skill level 5 in Fire Magic
  2826 | D:4      | Reached XP level 6. HP: 12/32 MP: 0/16
  2846 | D:4      | Killed from afar by an orc wizard

Vault maps used:
D:1:      lemuel_arrival_tunnels
D:2:      xom_teletrap_fun
D:3:      first_ration
D:4:      minmay_manual_mares

Skill      XL: |  1  2  3  4  5 |
---------------+----------------+-----
Fire Magic     | 4 5 |  5.0
Spellcasting   | 4 5 |  5.4
Stealth        | 3 |  3.8
Conjurations   | 2 |  2.9
Dodging        | 3 |  3.1

Action                   |  1- 3 |  4- 6 || total
-------------------------+-------+-------++-------
 Cast: Flame Tongue      |    69 |    53 ||   122
       Sticky Flame      |       |     2 ||     2
  Eat: Chunk             |     2 |     3 ||     5
Armor: Robe              |     7 |    10 ||    17
Dodge: Dodged            |    24 |    16 ||    40

Table legend:
 A = Non-vault XP
 B = Vault XP
 C = Vault XP percentage of total XP
 D = Non-vault monster count
 E = Vault monster count
 F = Vault count percentage of total count
                 A         B        C        D         E       F
            +---------+---------+-------+---------+---------+-------
      Total |     231 |     222 |  49.0 |      52 |       2 |   3.7
            +---------+---------+-------+---------+---------+-------
        D:1 |      31 |       0 |   0.0 |      16 |       0 |   0.0
        D:2 |      69 |       0 |   0.0 |      18 |       0 |   0.0
        D:3 |      84 |       0 |   0.0 |       9 |       0 |   0.0
        D:4 |      47 |     222 |  82.5 |       9 |       2 |  18.2
            +---------+---------+-------+---------+---------+-------
